 Dungeon Crawl Stone Soup version 0.29.1-1-gd02db6906a (webtiles) character file.

Game seed: 3056451652351215958

5271 ValTheDerg the Grappler (level 10, -13/74 HPs)
             Began as a Green Draconian Berserker on Sept 23, 2022.
             Was a Priest of Trog.
             Killed by vampiric draining
             ... invoked by a vampire
              (17 damage)
             ... on level 11 of the Dungeon.
             The game lasted 00:47:52 (5495 turns).

ValTheDerg the Grappler (Green Draconian Berserker) Turns: 5495, Time: 00:47:52

Health: -13/74     AC:  7    Str: 24    XL:     10   Next: 36%
Magic:  0/10       EV: 16    Int: 10    God:    Trog [***...]
Gold:   323        SH:  0    Dex: 18    Spells: 9/9 levels left

rFire   . . .      SeeInvis .   K - +3 morningstar (flame)
rCold   . . .      Faith    .   (no shield)
rNeg    . . .      Spirit   +   (body armour unavailable)
rPois   +          Reflect  .   (helmet restricted)
rElec   .          Harm     .   (no cloak)
rCorr   .          Rampage  .   (no gloves)
Will    +....                   (no boots)
Stlth   +++.......              p - amulet of guardian spirit
HPRegen 0.22/turn               f - +6 ring of dexterity
MPRegen 0.12/turn               (no ring)

@: no status effects
A: breathe noxious fumes, AC +7, unfitting armour, poison resistance,
cold-blooded, clever 1, frail 1, strong-willed 1, strong 1
a: Breathe Noxious Fumes, Renounce Religion, Berserk, Trog's Hand


You were on level 11 of the Dungeon.
You worshipped Trog.
Trog was most pleased with you.
You visited 1 branch of the dungeon, and saw 11 of its levels.

You collected 323 gold pieces.

Inventory:

Hand Weapons
 a - a +0 club
 c - a +0 whip
 e - a +0 short sword
 g - a +0 dagger
 h - a +0 spear
 i - a +0 short sword
 j - a +0 dagger
 k - a +0 sling
 l - a +0 whip
 m - a +0 club
 v - a +3 flail of protection
 B - a +0 halberd
 D - a +0 glaive
 G - a +0 long sword
 H - a +0 dagger
 I - a +0 short sword
 K - a +3 morningstar of flaming (weapon)
 N - a +0 dagger
Missiles
 d - 42 stones (quivered)
 r - 2 javelins
 w - 4 poisoned darts
Armour
 b - a +0 robe
 s - a +0 ring mail
 t - a +0 cloak
 J - a +3 leather armour of cold resistance
 L - +2 acid dragon scales
Jewellery
 f - a +6 ring of dexterity (left hand)
 n - a ring of fire
 p - an amulet of guardian spirit (around neck)
 y - a ring of poison resistance
Wands
 z - a wand of flame (35)
 C - a wand of iceblast (5)
Scrolls
 o - 4 scrolls of silence
 q - 2 scrolls of noise
 M - a scroll of immolation
Potions
 u - a potion of brilliance
 x - a potion of mutation
 A - a potion of heal wounds {unknown}


   Skills:
 + Level 6.1 Fighting
 + Level 4.6 Maces & Flails
 + Level 7.7 Dodging
 + Level 4.7 Stealth
 + Level 10.8 Unarmed Combat


You had 9 spell levels left.
You didn't know any spells.
Your spell library was empty.

Dungeon Overview and Level Annotations

Branches:
Dungeon (11/15)
 Temple: D:4-7         Lair: D:8-11         Orc: D:9-12

Altars:
Ashenzari
Dithmenos
Elyvilon
Ru
Trog
The Shining One

Shops:
D:7 (:[[


Innate Abilities, Weirdness & Mutations

You can breathe blasts of noxious fumes.
Your lurid green scales are hard. (AC +7)
You cannot fit into any form of body armour.
Your system is resistant to poisons. (rPois)
You are cold-blooded and may be slowed by cold attacks.
Your mind is acute. (Int +4, Str/Dex -1)
You are frail. (-10% HP)
You are strong-willed. (Will+)
Your muscles are strong. (Str +4, Int/Dex -1)


Message History

You are no longer berserk.
You are exhausted.
You feel yourself slow down.
You feel yourself speed up.
You recover from your berserk rage.
You see here a hydra skeleton.
Found a stone staircase leading up.
A vampire comes into view.
The helpless vampire fails to defend itself.
You hit the vampire. You burn the vampire.
The vampire is moderately damaged.
The vampire hits you. The vampire bites you!
The vampire draws strength from your injuries!
The vampire hits you. The vampire closely misses you.
You puncture the vampire! You burn the vampire.
Your tail-slap misses the vampire.
The vampire is severely damaged.
The vampire gestures wildly while chanting.
The vampire flickers and vanishes!
Deactivating autopickup; reactivate with Ctrl-A.
You completely miss something. Something hits you! Something bites you.
Something draws strength from your injuries!
You hit something. You burn something. You tail-slap something.
You hear some strange, mumbled words.
Something tries to affect you, but you resist.
You miss something. Something draws life force from you. Something hits you!
Something bites you!
Something draws strength from your injuries!
You closely miss something. Your punch misses something. Something hits you!
* * * LOW HITPOINT WARNING * * *
Something bites you!
* * * LOW HITPOINT WARNING * * *
Something draws strength from your injuries!
You puncture something! You burn something. Something hits you.
* * * LOW HITPOINT WARNING * * *
Something bites you.
* * * LOW HITPOINT WARNING * * *
Something draws strength from your injuries!
You hit something. You burn something. Something draws life force from you!!
You die...

#........####......
#........# #......
#........# #......
#........####......
.#####.<................
........####............
........# #..####......
.#####..# ..# #......
#.@# ..# #...... #.{#
#.<.... #..# #......
#..# #...... ####
#######


There were no monsters in sight!

Vanquished Creatures
  A hydra (D:11)
  2 two-headed ogres (D:10)
  Maggie (D:8)
  Grinder (D:6)
  A hornet (D:8)
  4 yaks (D:8)
  A shadow (D:9)
  Edmund (D:4)
  Duvessa (D:7)
  2 ice beasts
  A black bear (D:5)
  2 sky beasts
  2 centaurs
  A phantom (D:5)
  A kobold brigand (D:8)
  A necrophage (D:6)
  A gnoll sergeant (D:10)
  A bullfrog (D:7)
  A scorpion (D:7)
  Dowan (D:7)
  4 wights (D:5)
  2 howler monkeys
  4 hounds
  An orc priest (D:7)
  A jelly (D:3)
  3 iguanas (D:5)
  6 orc wizards
  10 gnolls
  2 adders (D:4)
  A shadow imp (D:5)
  An ufetubus (D:4)
  A worm (D:2)
  2 dart slugs
  13 orcs
  7 endoplasms
  A giant cockroach (D:3)
  2 goblins
  5 hobgoblins
  12 jackals
  8 kobolds
  A ball python (D:2)
  5 bats
  A frilled lizard (D:1)
120 creatures vanquished.

Vanquished Creatures (others)
  4 fungi (D:7)
  4 toadstools (D:7)
8 creatures vanquished.

Grand Total: 128 creatures vanquished

Notes
Turn   | Place    | Note
-------+----------+-------------------------------------------
     0 | D:1      | ValTheDerg the Draconian Berserker began the quest for the
                  | Orb.
     0 | D:1      | Reached XP level 1. HP: 19/19 MP: 1/1
   108 | D:1      | Reached XP level 2. HP: 16/26 MP: 2/2
   617 | D:2      | Reached XP level 3. HP: 14/33 MP: 3/3
   874 | D:2      | Reached ** piety under Trog
   887 | D:2      | Found a faded altar of an unknown god.
  1176 | D:3      | Reached skill level 4 in Unarmed Combat
  1176 | D:3      | Reached XP level 4. HP: 24/40 MP: 4/4
  1678 | D:4      | Reached XP level 5. HP: 38/46 MP: 5/5
  1698 | D:4      | Found a broken altar of Ashenzari.
  1698 | D:4      | Found a white marble altar of Elyvilon.
  1698 | D:4      | Found a bloodstained altar of Trog.
  1815 | D:4      | Noticed Edmund
  1828 | D:5      | Entered Level 5 of the Dungeon
  1828 | D:5      | Noticed a gargoyle
  1839 | D:4      | Killed Edmund
  1840 | D:4      | Reached skill level 1 in Stealth
  1840 | D:4      | Reached skill level 5 in Unarmed Combat
  1898 | D:5      | Reached XP level 6. HP: 49/52 MP: 6/6
  1982 | D:5      | Reached skill level 1 in Maces & Flails
  2283 | D:5      | Your scales start taking on a lurid green colour.
  2283 | D:5      | Reached XP level 7. HP: 55/58 MP: 7/7
  2283 | D:5      | Gained mutation: Your system is resistant to poisons.
                  | (rPois) [Green Draconian growth]
  2418 | D:5      | Reached skill level 5 in Dodging
  2449 | D:5      | Reached skill level 6 in Unarmed Combat
  2797 | D:6      | Noticed Grinder
  2799 | D:6      | Paralysed by Grinder for 5 turns
  2809 | D:6      | Killed Grinder
  2810 | D:6      | Reached skill level 5 in Fighting
  2810 | D:6      | Reached XP level 8. HP: 65/68 MP: 6/8
  3179 | D:7      | Found Reot Ysa's Antique Armour Emporium.
  3183 | D:7      | Found Befog's Weapon Emporium.
  3183 | D:7      | Found Hilextasch's Armour Emporium.
  3186 | D:7      | Found Sicerem's Book Emporium.
  3517 | D:7      | Noticed Dowan
  3520 | D:7      | Noticed Duvessa
  3527 | D:7      | Reached skill level 7 in Unarmed Combat
  3541 | D:7      | Killed Duvessa
  3545 | D:7      | Killed Dowan
  3859 | D:8      | Found a sacrificial altar of Ru.
  3928 | D:8      | Noticed a death yak
  4031 | D:8      | Reached XP level 9. HP: 74/74 MP: 9/9
  4031 | D:8      | Noticed Maggie
  4056 | D:8      | Reached skill level 8 in Unarmed Combat
  4065 | D:8      | Killed Maggie
  4363 | D:8      | Reached *** piety under Trog
  4371 | D:8      | Reached skill level 9 in Unarmed Combat
  4607 | D:8      | Found a glowing golden altar of the Shining One.
  4881 | D:10     | Entered Level 10 of the Dungeon
  4881 | D:10     | Noticed a two-headed ogre
  4890 | D:10     | Killed a two-headed ogre
  4891 | D:10     | Reached skill level 10 in Unarmed Combat
  4891 | D:10     | Reached XP level 10. HP: 83/83 MP: 10/10
  4958 | D:10     | Found a shadowy altar of Dithmenos.
  5019 | D:10     | Noticed a two-headed ogre
  5071 | D:10     | Killed a two-headed ogre
  5194 | D:10     | Gained mutation: You are strong-willed. (Will+) [potion of
                  | mutation]
  5194 | D:10     | Gained mutation: You are frail. (-10% HP) [potion of
                  | mutation]
  5194 | D:10     | Gained mutation: Your mind is acute. (Int +4, Str/Dex -1)
                  | [potion of mutation]
  5194 | D:10     | Gained mutation: Your muscles are strong. (Str +4, Int/Dex
                  | -1) [potion of mutation]
  5214 | D:11     | Noticed a five-headed hydra
  5223 | D:11     | Killed a five-headed hydra
  5495 | D:11     | Killed from afar by a vampire

Illustrated notes

Levels and vault maps discovered:
D:1:      dpeg_arrival_connections, layout_basic
D:2:      layout_loops_ring, basic_altar, basic_ecumenical_altar
D:3:      layout_loops_ring, nicolae_overflow_ecumenical_swirl,
          serial_co_window_serial, co_window_paths_a, co_window_corner_a,
          co_window_corner_a, co_window_paths_b, co_window_cross_1,
          co_window_paths_a, co_window_of_opportunity_a, co_window_broadway_c,
          co_window_corner_cb, co_window_of_opportunity_b, glass_columns_a,
          glass_columns_a, glass_columns_c, glass_columns_b, grunt_ministairs_7,
          kennysheep_generic_room_2
D:4:      layout_loops_ring, nicolae_sif_muna_little_library,
          gammafunk_temple_overflow_forgotten, hangedman_minor_gate_pass,
          uniq_edmund
D:5:      layout_loops_corners, gammafunk_temple_overflow_wave
D:6:      layout_layer_cave, mainiacjoe_overflow_boulevard,
          nemelex_xobeh_ov_fountains_minmay, serial_shops,
          nicolae_shop_behind_doors, uniq_grinder
D:7:      layout_basic, minmay_temple_entry_fiery, minmay_gold_behind_fungi,
          minmay_shop_grid_forest, uniq_duvessa, uniq_crazy_yiuf_cottage
D:8:      layout_basic, old_standard_altar, kennysheep_mini, dpeg_lair_monsters,
          uniq_maggie
D:9:      layout_roguey, orc_0_dummy, minivault_27
D:10:     layout_small_grid, old_standard_altar, serial_glass, glass_columns_b,
          glass_columns_b, glass_columns_b, glass_columns_b, glass_columns_a,
          glass_columns_a, glass_columns_a, glass_columns_c, feat_on_display,
          due_unseen_surprise, minmay_strange_pillars, unseen_surprise_small,
          serial_shops, shop, reono_crystal_passage, kennysheep_cluttered_room,
          kennysheep_generic_room_14
D:11:     layout_small_grid, serial_shops, shop

Skill      XL: |  1  2  3  4  5  6  7  8  9 10 |
---------------+-------------------------------+-----
Dodging        | 3 4 5 6 7 |  7.7
Unarmed Combat | 4 5 6 7 10 | 10.8
Fighting       | 4 5 6 |  6.1
Stealth        | 1 3 4 |  4.7
Maces & Flails | 1 3 4 |  4.6

Action                   |  1- 3 |  4- 6 |  7- 9 | 10-12 || total
-------------------------+-------+-------+-------+-------++-------
Melee: Unarmed           |   133 |    48 |   188 |    16 ||   385
       Tailslap          |    18 |    15 |    38 |     8 ||    79
       Punch             |     3 |     2 |     6 |     1 ||    12
       Flail             |       |    30 |    22 |       ||    52
       Morningstar       |       |       |       |    14 ||    14
Invok: Berserk           |       |     3 |     7 |     3 ||    13
 Abil: Breathe Noxious F |       |       |     6 |     1 ||     7
  Use: Scroll            |     2 |     2 |     3 |     5 ||    12
       Potion            |     2 |     1 |       |     1 ||     4
 Stab: Sleeping          |     2 |       |       |     1 ||     3
       Distracted        |       |       |     1 |       ||     1
       Confused          |       |       |     5 |     1 ||     6
Armor: Skin              |    47 |    26 |    67 |     5 ||   145
Dodge: Dodged            |    90 |    65 |   173 |    27 ||   355
